Map: Polka LE

Players

Massa - Winner!

  • Race: Terran Terran
  • League: Platinum
  • Spawn Location: 11:00

qqq - Winner!

  • Race: Zerg Zerg
  • Spawn Location: 11:00

Suzulu

  • Race: Zerg Zerg
  • Spawn Location: 5:00

NonDuality

  • Race: Zerg Zerg
  • League: Diamond
  • Spawn Location: 5:00

VOD

Have the link to the VOD?

Description

Time

  • Played on: Feb. 20, 2021, 5:10 p.m.
  • Length: 12:16
Show
View Real Time Build Order
Export as new Build Order

Massa Terran - Winner!

Build Orders:  

Get SALT Encoding   

  12  0:00  SCV  
  13  0:12  SCV  
  14  0:23  Supply Depot  
  14  0:24  SCV  
  15  0:34  Refinery  
  15  0:45  SCV  
  15  0:47  Barracks  
  16  0:53  Supply Depot  
  16  0:57  SCV  
  17  1:09  SCV  
  18  1:20  Refinery  
  18  1:21  SCV  
  19  1:33  SCV  
  20  1:53  Command Center  
  20  2:01  Factory  
  20  2:12  Barracks Reactor  
  20  2:15  Orbital Command  
  20  2:34  Supply Depot  
  20  2:43  SCV  
  21  2:47  Hellion  
  21  2:50  Starport, Marine  
  24  2:52  Marine  
  24  2:58  SCV  
  26  3:05  Orbital Command  
  26  3:21  Barracks Tech Lab  
  26  3:33  Hellion x2  
  30  3:37  SCV x2  
  32  3:49  SCV  
  32  3:54  Starport Reactor, Hellion x2  
  32  3:55  SCV  
  38  4:01  SCV  
  39  4:07  SCV  
  39  4:09  Stimpack  
  40  4:13  SCV, Barracks  
  40  4:16  Hellion x2  
  45  4:18  Engineering Bay  
  45  4:19  SCV  
  46  4:25  SCV  
  47  4:40  Hellion x2  
  49  5:01  Hellion x2  
  43  5:22  SCV x2  
  43  5:23  Hellion x2  
  43  5:24  Barracks Reactor  
  47  5:34  SCV  
  47  5:35  SCV  
  49  5:36  Medivac x2  
  53  5:43  Supply Depot x2  
  53  5:44  Supply Depot  
  53  5:45  Supply Depot  
  53  5:46  Supply Depot  
  53  5:54  Barracks  
  53  5:55  Command Center  
  53  6:05  Marine, Siege Tank  
  53  6:06  Marine  
  53  6:10  Marine x2  
  60  6:19  Terran Infantry Weapons Level 1  
  60  6:20  Armory  
  60  6:23  Marine x2, Engineering Bay  
  60  6:24  Missile Turret  
  62  6:27  Missile Turret  
  62  6:28  Marine x2  
  60  6:37  Siege Tank  
  63  6:41  Marine x2  
  63  6:46  Marine x2  
  67  6:52  Orbital Command  
  66  7:00  Barracks Tech Lab  
  64  7:27  Missile Turret  
  64  7:28  Sensor Tower  
  64  7:29  Refinery, Missile Turret  
  64  7:31  Missile Turret  
  64  7:32  Refinery  
  64  7:39  Terran Infantry Armor Level 1  
  64  7:40  Supply Depot x3  
  64  7:41  Supply Depot x3  
  64  8:01  SCV, Viking, Siege Tank  
  64  8:02  SCV, Marauder, Marine x4  
  64  8:03  Supply Depot  
  77  8:07  Supply Depot  
  77  8:09  Medivac  
  79  8:19  Marine  
  80  8:40  Terran Infantry Weapons Level 2  
  73  9:12  Siege Tank  
  73  9:13  Marauder, Marine x3  
  73  9:14  Marine  
  82  9:31  Marine  
  82  9:33  Command Center  
  82  9:35  Marauder, Marine x2  
  82  9:36  Marine  
  88  9:49  Marine  
  89  9:53  Marine  
  89  9:56  Marauder  
  89  9:59  SCV x2, Barracks x2  
  94  10:01  Barracks  
  94  10:03  Siege Tank  
  94  10:04  Marine x2  
  94  10:07  Marine  
  99  10:11  SCV x2, Marine  
  103  10:17  Marauder  
  103  10:21  Supply Depot  
  105  10:22  Marine x2  
  105  10:23  SCV x2  
  105  10:24  Supply Depot  
  109  10:32  Sensor Tower  
  109  10:35  SCV  
  110  10:39  Marauder, Siege Tank  
  110  10:40  Marine x3  
  118  10:44  Supply Depot  
  118  10:47  Supply Depot  
  118  10:52  Ghost Academy  
  118  10:57  Medivac x2  
  118  11:00  Marauder  
  124  11:07  Supply Depot  
  124  11:21  Marauder  
  119  11:36  Barracks Reactor, Barracks Tech Lab x2  
  118  11:43  Marauder  
  114  12:10  Barracks  
Show
View Real Time Build Order
Export as new Build Order

qqq Zerg - Winner!

Build Orders: Hatch First 

Get SALT Encoding   

  12  0:02  Drone  
  13  0:08  Drone  
  14  0:22  Overlord  
  14  0:47  Hatchery  
  13  0:50  Drone  
  13  0:52  Drone  
  13  0:55  Drone  
  16  1:06  Extractor  
  15  1:16  Spawning Pool  
  14  1:27  Drone x3  
  17  1:39  Drone  
  18  1:50  Drone  
  19  2:00  Drone  
  20  2:02  Drone  
  20  2:03  Queen  
  23  2:09  Queen  
  25  2:15  Metabolic Boost  
  25  2:21  Drone  
  26  2:25  Overlord  
  26  2:28  Drone  
  27  2:36  Drone  
  28  2:39  Overlord  
  28  2:47  Drone, Baneling Nest  
  28  2:50  Drone  
  29  2:52  Zergling x2  
  29  2:55  Drone  
  31  3:01  Overlord  
  31  3:12  Zergling x4, Overlord  
  33  3:19  Lair  
  33  3:29  Drone  
  33  3:30  Zergling x4  
  33  3:32  Zergling x2  
  33  3:33  Zergling x4  
  39  3:45  Drone  
  39  3:46  Drone x3  
  43  3:50  Extractor  
  43  3:51  Extractor  
  41  4:03  Drone  
  41  4:04  Drone  
  41  4:08  Extractor  
  42  4:20  Drone x4, Spire  
  42  4:24  Drone x4  
  49  4:35  Drone  
  49  4:36  Drone  
  50  4:55  Drone x3  
  50  4:56  Overlord x3  
  46  5:16  Drone  
  46  5:17  Drone x4  
  51  5:22  Overlord  
  51  5:32  Mutalisk x3  
  51  5:33  Mutalisk  
  59  5:38  Mutalisk  
  59  5:39  Mutalisk  
  63  5:50  Mutalisk  
  63  5:52  Overlord  
  63  5:53  Mutalisk  
  67  6:01  Hatchery, Mutalisk, Overlord  
  68  6:10  Mutalisk  
  70  6:12  Overlord  
  70  6:13  Zergling x2, Overlord  
  70  6:14  Hatchery  
  69  6:39  Mutalisk x3  
  69  6:41  Drone  
  75  7:04  Mutalisk x2  
  79  7:13  Spore Crawler  
  78  7:31  Mutalisk x3  
  78  7:34  Zerg Flyer Weapons Level 1  
  84  7:41  Hatchery  
  79  7:44  Mutalisk  
  79  7:45  Overlord  
  79  7:46  Overlord x3  
  81  7:53  Drone x3  
  84  7:59  Zergling x4  
  84  8:03  Infestation Pit  
  85  8:08  Mutalisk  
  87  8:16  Mutalisk  
  87  8:17  Overlord  
  87  8:18  Drone x2  
  91  8:23  Hatchery  
  90  8:35  Drone  
  90  8:41  Drone  
  92  8:47  Queen  
  94  8:57  Overlord x3  
  94  9:01  Hive  
  93  9:07  Drone x4  
  96  9:10  Mutalisk x5  
  96  9:12  Drone  
  107  9:18  Drone  
  94  9:49  Mutalisk  
  94  9:50  Mutalisk x2  
  94  9:51  Drone x6  
  94  9:52  Drone x2  
  108  9:53  Zergling x6  
  111  10:05  Drone x3  
  114  10:11  Spire  
  113  10:16  Corruptor x2  
  113  10:17  Drone x2  
  113  10:18  Drone, Zergling x4  
  122  10:23  Drone  
  122  10:26  Hatchery, Extractor  
  122  10:27  Extractor  
  120  10:33  Spine Crawler  
  120  10:34  Spine Crawler x2  
  117  10:38  Centrifical Hooks  
  117  10:42  Greater Spire  
  117  10:43  Drone x6  
  117  10:44  Zergling x6  
  117  10:45  Zergling x6  
  126  11:02  Zergling x4  
  126  11:06  Baneling  
  126  11:07  Baneling x10  
  126  11:09  Drone x2  
  126  11:10  Drone x4  
  132  11:11  Extractor  
  132  11:13  Extractor  
  132  11:16  Corruptor  
  132  11:37  Zergling x10  
  137  11:40  Baneling  
  137  11:41  Baneling x9  
  137  11:54  Drone  
  137  11:55  Drone x2  
  137  11:59  Overseer x4  
  137  12:00  Overseer  
Show
View Real Time Build Order
Export as new Build Order

Suzulu Zerg 

Build Orders: Hatch First, Lurkers 

Get SALT Encoding   

  12  0:00  Drone  
  13  0:12  Overlord  
  13  0:16  Drone  
  14  0:31  Drone x2  
  16  0:51  Hatchery  
  16  0:54  Drone  
  16  0:57  Drone  
  16  1:00  Drone  
  18  1:04  Extractor  
  17  1:21  Spawning Pool  
  16  1:29  Drone x3  
  19  1:40  Drone  
  20  1:54  Drone  
  21  2:08  Queen x2  
  23  2:10  Metabolic Boost  
  23  2:12  Zergling x2  
  23  2:13  Overlord  
  26  2:16  Zergling x2  
  26  2:19  Zergling x2  
  28  2:32  Drone x2  
  30  2:47  Drone  
  30  2:48  Drone x3, Evolution Chamber  
  33  2:55  Overlord  
  33  3:05  Drone  
  34  3:24  Hatchery  
  32  3:33  Zerg Missile Weapons Level 1  
  31  3:36  Drone x3  
  31  3:37  Drone x4  
  31  3:38  Lair  
  31  3:39  Drone  
  31  3:40  Drone  
  40  3:45  Drone  
  41  3:52  Roach Warren  
  40  3:56  Extractor  
  40  3:57  Extractor  
  40  4:01  Drone x2  
  40  4:02  Drone x2  
  42  4:06  Overlord  
  42  4:09  Overlord  
  42  4:26  Spore Crawler  
  39  4:35  Roach  
  39  4:36  Roach x8  
  27  5:11  Drone  
  27  5:12  Drone x2  
  26  5:38  Drone x2  
  28  5:50  Drone  
  28  5:51  Drone  
  28  5:56  Drone  
  31  6:04  Drone  
  32  6:16  Drone x5  
  32  6:17  Drone x3  
  38  6:37  Spore Crawler  
  38  6:38  Spore Crawler  
  20  6:51  Spore Crawler  
  20  6:52  Drone  
  20  6:53  Drone x6  
  26  7:09  Overlord  
  26  7:11  Drone x3  
  26  7:12  Drone x2, Hydralisk Den  
  30  7:21  Spine Crawler  
  29  7:47  Hydralisk x4, Spore Crawler  
  29  7:51  Drone x4  
  37  7:58  Queen x2  
  44  8:06  Grooved Spines  
  44  8:15  Extractor  
  43  8:27  Drone  
  43  8:28  Drone x5, Lurker Den  
  48  8:38  Zerg Missile Weapons Level 2  
  48  8:51  Overlord x3  
  48  9:20  Muscular Augments  
  48  9:25  Lurker x4  
  48  9:29  Hatchery  
  51  9:44  Drone  
  52  9:52  Overlord x3  
  52  10:09  Hydralisk x4  
  52  10:10  Hydralisk x5  
  70  10:24  Drone  
  70  10:25  Drone x5  
  76  11:00  Spore Crawler  
  76  11:01  Spore Crawler  
  73  11:18  Overlord x2  
  73  11:19  Overlord x3  
  65  11:41  Extractor  
  60  11:55  Hatchery  
Show
View Real Time Build Order
Export as new Build Order

NonDuality Zerg 

Build Orders: Hatch First, Lurkers, Swarm Host 

Get SALT Encoding   

  12  0:00  Drone  
  13  0:08  Drone  
  14  0:16  Overlord  
  14  0:43  Hatchery  
  14  0:44  Drone  
  14  0:48  Drone  
  15  0:52  Drone  
  15  0:55  Extractor  
  15  0:58  Drone  
  16  1:06  Drone  
  17  1:19  Spawning Pool  
  17  1:22  Drone  
  17  1:27  Drone  
  18  1:39  Drone  
  19  1:49  Drone  
  20  1:54  Drone  
  21  2:06  Queen  
  21  2:07  Queen  
  25  2:10  Drone x2  
  25  2:13  Overlord  
  27  2:18  Metabolic Boost  
  27  2:21  Drone  
  28  2:31  Drone x2  
  28  2:33  Drone  
  31  2:38  Overlord  
  31  2:47  Drone  
  32  2:54  Drone x2  
  32  2:56  Extractor  
  33  2:59  Drone  
  34  3:07  Zergling x2  
  34  3:11  Zergling x2  
  36  3:18  Zergling x10  
  41  3:24  Evolution Chamber  
  41  3:26  Hatchery  
  39  3:28  Drone x3  
  39  3:29  Drone  
  39  3:33  Drone  
  44  3:40  Lair  
  44  3:51  Zerg Missile Weapons Level 1, Overlord  
  44  3:55  Extractor  
  43  3:57  Extractor, Queen  
  44  4:13  Drone x2  
  44  4:14  Drone x5  
  51  4:24  Drone  
  52  4:25  Overlord x2  
  52  4:42  Infestation Pit  
  52  4:43  Zergling x14  
  56  5:05  Queen  
  49  5:37  Swarm Host  
  49  5:38  Swarm Host x7  
  49  5:42  Overlord  
  73  5:44  Nydus Network  
  72  5:52  Overlord  
  72  6:00  Queen  
  74  6:04  Drone x2  
  74  6:05  Drone x2  
  78  6:20  Spore Crawler  
  78  6:21  Spore Crawler  
  76  6:27  Nydus Canal  
  76  6:36  Drone x5  
  78  7:09  Hydralisk Den  
  78  7:12  Overlord x2  
  78  7:15  Spore Crawler  
  76  7:17  Spore Crawler  
  76  7:18  Spore Crawler  
  76  7:19  Drone x2  
  76  7:20  Drone  
  77  7:27  Drone x2, Evolution Chamber  
  78  7:43  Hydralisk x4  
  86  7:48  Muscular Augments  
  86  8:03  Hydralisk x4  
  86  8:04  Hydralisk  
  96  8:19  Overlord x2  
  96  8:28  Nydus Canal  
  96  8:30  Overlord x2  
  96  8:40  Hydralisk x5  
  106  8:48  Lurker Den, Overlord  
  105  8:49  Drone x3  
  96  9:07  Hydralisk x5  
  96  9:08  Extractor  
  105  9:27  Hydralisk x2  
  105  9:28  Hydralisk  
  105  9:30  Hydralisk x2  
  105  9:31  Hydralisk  
  109  9:54  Overlord x3  
  109  9:55  Overlord  
  109  10:10  Grooved Spines  
  109  10:21  Drone  
  109  10:22  Drone x3  
  113  10:31  Lurker x5  
  113  10:32  Lurker x2  
  113  10:33  Queen  
  121  10:52  Hatchery  
  121  10:57  Overlord x3  
  120  10:59  Spore Crawler x2  
  120  11:02  Spore Crawler  
  104  11:04  Spore Crawler  
  104  11:07  Hydralisk x3  
  105  11:25  Queen  
  87  11:34  Hydralisk x3  
Tags
 
Add a new tag
Caveats
  • Supply blocks, unpowered buildings, or Contaminate may cause inaccurate times.
  • Supply counts are checked every 10 seconds.